 Dungeon Crawl Stone Soup version 0.25.1-1-g288607f5aa (webtiles) character file.

Game seed: 13247762632308375808

1910 Descartes the Unseen (level 8, 0/38 HPs)
             Began as a Felid Wanderer on July 28, 2020.
             Slain by Acheron's ghost (2 damage)
             ... on level 8 of the Dungeon.
             The game lasted 00:20:02 (13560 turns).

Descartes the Unseen (Felid Wanderer)              Turns: 13560, Time: 00:20:03

Health: 0/38       AC:  2    Str: 12    XL:     8   Next: 94%
Magic:  9/9        EV: 21    Int: 15    God:
Gold:   488        SH:  0    Dex: 15    Spells: 7/7 levels left
                                        Lives:  0   Deaths: 2

rFire    . . .     SeeInvis +     - Unarmed
rCold    . . .     Gourm    .   (shield unavailable)
rNeg     . . .     Faith    .   (armour unavailable)
rPois    .         Spirit   .   (helmet unavailable)
rElec    .         Reflect  .   (cloak unavailable)
rCorr    .         Harm     .   (gloves unavailable)
MR       +....                  (boots unavailable)
Stlth    ++++......             w - amulet of the acrobat
HPRegen  0.12/turn              D - ring of stealth
MPRegen  0.11/turn              A - ring of the Monkey's Uncle {Str+2 Slay+4 Stlth+}

@: glowing, quick
A: very small, no armour, no weapons or thrown items, stealth, claws 1, fangs 3,
see invisible, carnivore, speed 1, shaggy fur 2, slow metabolism 1, sharp paws
a: no special abilities


You were on level 8 of the Dungeon.
You were very full.

You visited 2 branches of the dungeon, and saw 9 of its levels.

You collected 488 gold pieces.

Inventory:

Missiles
 h - 174 stones
 k - 99 arrows
Jewellery
 l - an uncursed ring of flight
 p - an uncursed ring of fire
 w - an amulet of the acrobat (around neck)
 A - the ring of the Monkey's Uncle (right paw) {Str+2 Slay+4 Stlth+}
   (You found it on level 8 of the Dungeon)

   [ring of slaying]

   It affects your strength (+2).
   It affects your accuracy and damage with ranged weapons and melee attacks
   (+4).
   It makes you more stealthy.
 D - a ring of stealth (left paw)
Wands
 r - a wand of flame (37)
 u - a wand of polymorph (5)
 x - a wand of paralysis (8)
 C - a wand of acid (9)
Scrolls
 b - 4 scrolls of fear
 c - 4 scrolls of teleportation
 e - a scroll of enchant weapon {unknown}
 g - 7 scrolls of remove curse {unknown}
 i - 5 scrolls of identify
 m - 2 scrolls of immolation {unknown}
 q - a scroll of blinking {unknown}
 s - a scroll of enchant armour {unknown}
 t - a scroll of fog {unknown}
 v - a scroll of random uselessness {unknown}
 y - a scroll of brand weapon {unknown}
 B - a scroll of magic mapping {unknown}
 F - a scroll of acquirement {unknown}
Potions
 d - 3 potions of lignification
 j - 3 potions of flight
 n - 2 potions of stabbing
 o - 4 potions of curing
 z - 4 potions of might
Comestibles
 f - 15 rations


   Skills:
 - Level 6.0 Fighting
 + Level 6.2 Dodging
 + Level 17.7 Stealth
 - Level 6.0 Unarmed Combat


You had 7 spell levels left.
You didn't know any spells.
Your spell library contained the following spells:

 Spells                   Type           Power        Failure   Level  Hunger
 Beastly Appendage        Tmut           #.....       26%         1    ##.....
 Freeze                   Ice            #...         26%         1    ##.....
 Sticks to Snakes         Tmut           #.......     38%         2    ###....
 Frozen Ramparts          Ice            #.....       63%         3    ####...
 Ozocubu's Armour         Chrm/Ice       #.......     63%         3    ####...
 Spider Form              Tmut/Pois      #.........   63%         3    ####...
 Cause Fear               Hex            #.........   95%         4    #####..
 Hailstorm                Conj/Ice       #.......     95%         4    #####..
 Ice Form                 Ice/Tmut       #.......     95%         4    #####..
 Summon Ice Beast         Ice/Summ       #.......     95%         4    #####..
 Blade Hands              Tmut           #.........   100%        5    ######.
 Silence                  Hex/Air        #.........   100%        5    ######.
 Yara's Violent Unravell  Hex/Tmut       #.........   100%        5    ######.
 Discord                  Hex            #.........   100%        8    #######


Dungeon Overview and Level Annotations

Branches:
Dungeon (8/15)             Temple (1/1) D:4            Lair (0/6) D:8

Altars:
Ashenzari
Cheibriados
Dithmenos
Elyvilon
Fedhas
Gozag
Hepliaklqana
Kikubaaqudgha
Makhleb
Nemelex Xobeh
Okawaru
Qazlal
Ru
Sif Muna
Trog
Uskayaw
Wu Jian
Xom
Yredelemnul
Zin
The Shining One

Annotations:
D:5 2 transporters, TheAraber's ghost, novice GnSk
D:7 2 transporters, Cab's ghost, novice GnSk
D:8 Acheron's ghost, novice GrEE


Innate Abilities, Weirdness & Mutations

You cannot wear armour.
You are incapable of wielding weapons or throwing items.
Your paws allow you to move quietly. (Stealth)
You have sharp claws.
You have razor-sharp teeth.
You have supernaturally acute eyesight. (SInv)
You are carnivorous and can eat meat at any time.
You cover ground quickly.
You are covered in thick fur. (AC +2)
You have a slow metabolism.
Your sharp claws are effective at attacking unaware monsters.


Message History

You bite Acheron's ghost, but do no damage.
Acheron's ghost is severely damaged.
Acheron's ghost hits you. Acheron's ghost burns you.
You barely miss Acheron's ghost.
Acheron's ghost is severely damaged.
Acheron's ghost completely misses you.
You closely miss Acheron's ghost.
Acheron's ghost is severely damaged.
You miss Acheron's ghost.
Acheron's ghost is severely damaged.
Acheron's ghost hits you.
* * * LOW HITPOINT WARNING * * *
Acheron's ghost burns you.
* * * LOW HITPOINT WARNING * * *
You claw Acheron's ghost!
Acheron's ghost is severely damaged.
Acheron's ghost hits you.
* * * LOW HITPOINT WARNING * * *
Acheron's ghost burns you.
You die...

####### #######
##.....#### ###.PP♣.###
#.W.......#
##P♣.PP....###@###'''###
##...........##.#.......#
#........♣....#.##.W...##
##.♣...P...♣.P.#.#.......#
#..............P.##.)[(.##
#P..P......P...♣.#Z.#.#..#
..P...PP>...P....#########
[PP...P....P.........#
....P.P.......♣......#


You could see Acheron's ghost.

Vanquished Creatures
  Harold (D:7)
  Pikel (D:7)
  Joseph (D:7)
  Grinder (D:5)
  Prince Ribbit (D:6)
  Sigmund (D:2)
  4 yaks (D:7)
  2 basilisks
  3 porcupines
  A hornet zombie (D:8)
  An orc warrior (D:7)
  2 slaves (D:7)
  A black bear (D:7)
  2 ice beasts
  4 centaurs
  2 crocodiles (D:8)
  2 bullfrogs
  2 scorpions (D:8)
  A howler monkey (D:4)
  3 crimson imps (D:7)
  A centaur zombie (D:8)
  2 hounds
  A centaur skeleton (D:5)
  5 orc priests
  4 jellies
  Terence (D:2)
  An iguana (D:4)
  4 orc wizards
  3 worker ants
  2 hound skeletons (D:8)
  4 gnolls (D:3)
  6 adders
  A howler monkey skeleton (D:6)
  5 oozes (D:8)
  2 worms
  2 dart slugs
  5 leopard geckos
  34 orcs
  4 bats
  A giant cockroach (D:1)
  8 goblins
  4 hobgoblins
  5 jackals
  8 kobolds
  6 quokkas
  2 ball pythons (D:1)
  6 frilled lizards
  A jackal skeleton (D:6)
  A jackal zombie (D:6)
  9 rats
174 creatures vanquished.

Vanquished Creatures (others)
  6 plants (D:8)
6 creatures vanquished.

Grand Total: 180 creatures vanquished

Notes
Turn   | Place    | Note
-------+----------+-------------------------------------------
     0 | D:1      | Descartes the Felid Wanderer began the quest for the Orb.
     0 | D:1      | Descartes set off with the following items: a potion of
                  | heal wounds, a scroll of fear, a scroll of teleportation, a
                  | potion of lignification, a ration
     0 | D:1      | Reached XP level 1. HP: 13/13 MP: 2/2
   153 | D:1      | Reached skill level 1 in Dodging
   153 | D:1      | Reached skill level 3 in Stealth
   453 | D:1      | Reached XP level 2. HP: 15/16 MP: 3/3
  1142 | D:2      | Reached skill level 4 in Stealth
  1196 | D:2      | Noticed Sigmund
  1229 | D:2      | Reached XP level 3. HP: 20/20 MP: 4/4
  1262 | D:2      | Killed Sigmund
  1262 | D:2      | Reached skill level 6 in Stealth
  1262 | D:2      | Reached XP level 4. HP: 8/24 MP: 5/5
  1262 | D:2      | Reached XP level 5. HP: 9/27 MP: 6/6
  1588 | D:2      | Noticed Terence
  1614 | D:2      | HP: 1/27 [Terence/+0 short sword of freezing (1)]
  2037 | D:2      | Found a snail-covered altar of Cheibriados.
  2050 | D:2      | Killed Terence
  2050 | D:2      | Reached skill level 5 in Dodging
  3603 | D:3      | Gained mutation: You are covered in thick fur. (AC +2)
                  | [Felid growth]
  3603 | D:3      | Reached XP level 6. HP: 29/31 MP: 7/7
  3896 | D:3      | Found a burning altar of Makhleb.
  4247 | D:4      | Found a staircase to the Ecumenical Temple.
  4252 | Temple   | Entered the Ecumenical Temple
  5331 | D:5      | Entered Level 5 of the Dungeon
  5405 | D:5      | Reached XP level 7. HP: 8/34 MP: 8/8
  5674 | D:5      | Reached skill level 5 in Unarmed Combat
  5730 | D:5      | Found a transporter.
  5751 | D:5      | Noticed TheAraber's ghost (novice GnSk)
  5777 | D:5      | Found a transporter.
  5900 | D:5      | Noticed Grinder
  6181 | D:5      | Killed Grinder
  6181 | D:5      | Reached skill level 7 in Stealth
  6517 | D:6      | Reached skill level 8 in Stealth
  6610 | D:6      | Reached XP level 8. HP: 38/38 MP: 9/9
  7000 | D:6      | Found a glowing silver altar of Zin.
  7211 | D:7      | Noticed Pikel
  7454 | D:7      | Reached skill level 9 in Stealth
  7798 | D:7      | Noticed a two-headed ogre
  7798 | D:7      | Noticed Joseph
  7799 | D:7      | Reached skill level 10 in Stealth
  7803 | D:7      | Noticed Cab's ghost (novice GnSk)
  7805 | D:7      | Killed Joseph
  7805 | D:7      | Reached skill level 11 in Stealth
  7805 | D:7      | Noticed a moth of wrath
  7809 | D:7      | Identified the +9 war axe of Slow Death {antimagic,
                  | *Corrode rC+ rN++}
  7809 | D:7      | Noticed a tengu warrior
  7814 | D:7      | Found a bloodstained altar of Trog.
  7819 | D:7      | Found a transporter.
  7827 | D:7      | Found a transporter.
  7926 | D:7      | Noticed Harold
  7946 | D:7      | Killed Harold
  7946 | D:7      | Reached skill level 13 in Stealth
  7946 | D:7      | Reached XP level 9. HP: 10/41 MP: 10/10
  7968 | D:7      | Noticed Prince Ribbit
  7992 | D:6      | Killed Prince Ribbit
  7992 | D:6      | Reached skill level 14 in Stealth
  8434 | D:7      | Killed Pikel
  8434 | D:7      | Reached skill level 15 in Stealth
  8962 | D:7      | Found an ornate altar of the Wu Jian Council.
  8966 | D:7      | Found an opulent altar of Gozag.
  8971 | D:7      | Found a shattered altar of Ashenzari.
  9043 | D:7      | Found an iron altar of Okawaru.
  9101 | D:8      | Found a glowing silver altar of Zin.
  9341 | D:8      | Slain by an orc warrior
  9342 | D:8      | Reached XP level 8. HP: 0/38 MP: 9/9
  9349 | D:8      | Got a warped wooden ring
  9368 | D:8      | Identified the ring of the Monkey's Uncle {Str+2 Slay+4
                  | Stlth+} (You found it on level 8 of the Dungeon)
  9454 | D:8      | Reached skill level 16 in Stealth
  9802 | D:7      | Reached XP level 9. HP: 7/41 MP: 10/10
 11623 | D:8      | Found a staircase to the Lair.
 11659 | D:7      | Reached skill level 17 in Stealth
 13365 | D:8      | Slain by an ice beast
 13366 | D:8      | Reached XP level 8. HP: -1/38 MP: 9/9
 13454 | D:8      | Found a runed translucent gate.
 13454 | D:8      | Found a runed translucent gate.
 13454 | D:8      | Found a runed translucent gate.
 13454 | D:8      | Noticed Acheron's ghost (novice GrEE)
 13560 | D:8      | Slain by Acheron's ghost

Illustrated notes

Levels and vault maps discovered:
D:1:      dpeg_arrival_chambers_temple_mockup, layout_basic
D:2:      layout_basic, cheibriados_altar_1, serial_bayou_pond_a, uniq_sigmund,
          uniq_terence
D:3:      layout_basic, makhleb_blood_cavern_becter
D:4:      layout_basic, minmay_temple_entry_statues_pillars
D:5:      layout_rooms, gammafunk_ghost_hive, first_ration, uniq_grinder
D:6:      layout_loops_cross, zin_scriptorium, serial_glass, glass_columns_c,
          glass_columns_a, glass_columns_a, glass_columns_c
D:7:      layout_loops_corners, kennysheep_mini,
          minmay_overflow_temple_star_quad, gammafunk_ghost_wrathful_warriors,
          uniq_prince_ribbit1, uniq_joseph, uniq_harold, uniq_pikel
D:8:      layout_rooms, minmay_lair_entry_grove, gammafunk_ghost_necromancy,
          basic_altar, hangedman_little_slice_of_home
Temple:   nicolae_temple_great_sept

Skill      XL: |  1  2  3  4  5  6  7  8  9 |
---------------+----------------------------+-----
Dodging        | 1 2 4 6 |  6.2
Stealth        | 3 4 6 8 16 17 | 17.7
Unarmed Combat | 4 6 |  6.0
Fighting       | |  6.0

Action                   |  1- 3 |  4- 6 |  7- 9 || total
-------------------------+-------+-------+-------++-------
Melee: Unarmed           |    78 |   244 |   450 ||   772
       Bite              |     8 |    21 |    46 ||    75
       Punch             |     2 |     4 |    11 ||    17
  Use: Potion            |       |       |     3 ||     3
       Scroll            |       |       |     3 ||     3
 Stab: Sleeping          |     9 |    12 |    21 ||    42
       Distracted        |       |       |     1 ||     1
  Eat: Chunk             |     7 |     9 |    26 ||    42
Armor: Skin              |     1 |     8 |    11 ||    20
Dodge: Dodged            |    56 |   182 |   293 ||   531
